 Dungeon Crawl Stone Soup version 0.27-a0-1137-g3ef0f4ec91 (webtiles) character file.

Game seed: 17156227640620629584

7 jantan the Chucker (level 2, 0/17 HPs)
             Began as a Gargoyle Hunter on May 6, 2021.
             Slain by a rat (1 damage)
             ... on level 2 of the Dungeon.
             The game lasted 00:00:59 (165 turns).

jantan the Chucker (Gargoyle Hunter)                 Turns: 165, Time: 00:01:01

Health: 0/17       AC:  5    Str: 15    XL:     2   Next: 4%
Magic:  2/2        EV: 11    Int: 11    God:
Gold:   18         SH:  0    Dex: 10    Spells: 1/1 levels left

rFire    . . .     SeeInvis .   a - +0 short sword
rCold    . . .     Faith    .   (no shield)
rNeg     + . .     Spirit   .   b - +0 leather armour
rPois    ∞         Reflect  .   (no helmet)
rElec    +         Harm     .   (no cloak)
rCorr    .         Rampage  .   (no gloves)
Will     .....                  (no boots)
Stlth    +.........             (no amulet)
HPRegen  0.05/turn              (no ring)
MPRegen  0.08/turn              (no ring)

@: no status effects
A: sickness immunity, AC +2, negative energy resistance 1, electricity
resistance, torment resistance 1, unbreathing 1, petrification resistance
a: no special abilities


You were on level 2 of the Dungeon.
You visited 1 branch of the dungeon, and saw 2 of its levels.

You collected 18 gold pieces.

Inventory:

Hand Weapons
 a - a +0 short sword (weapon)
Missiles
 c - 6 javelins (quivered)
 d - 2 throwing nets
Armour
 b - a +0 leather armour (worn)


   Skills:
 + Level 2.2 Fighting
 + Level 0.1 Short Blades
 + Level 3.9 Throwing
 + Level 1.7 Dodging
 + Level 1.1 Stealth


You had one spell level left.
You didn't know any spells.
Your spell library was empty.

Dungeon Overview and Level Annotations

Branches:
Dungeon (2/15)

Altars:


Innate Abilities, Weirdness & Mutations

You are immune to sickness and miasma.
Your stone body is resilient. (AC +2)
You are immune to poison.
You resist negative energy. (rN+)
You are resistant to electric shocks. (rElec)
You are resistant to unholy torment.
You can survive without breathing.
You are immune to petrification.


Message History

The bat barely misses you.
You miss the bat. The bat closely misses you. The bat hits you.
The bat hits you but does no damage. The bat closely misses you.
The bat hits you but does no damage.
There is an escape hatch in the floor here.
The bat closely misses you.
You slide downwards.
The hatch slams shut behind you.
A bat and an adder come into view.
Found a scroll labelled GOEGEG VUAMODU and 5 gold pieces.
An endoplasm comes into view.
The endoplasm quivers.
You see here a scroll labelled GOEGEG VUAMODU.
A rat comes into view.
The adder hisses angrily.
The adder bites you but does no damage. The bat hits you but does no damage.
The adder barely misses you.
A rat comes into view.
The bat barely misses you. The adder barely misses you.
The bat completely misses you. The bat barely misses you.
The endoplasm freezes you.
You are frozen.
The bat hits you but does no damage. The bat hits you.
The rat bites you but does no damage.
Found a pair of gloves.
You hit the rat but do no damage. The bat barely misses you.
The rat twitches its whiskers.
The rat bites you but does no damage. The endoplasm closely misses you.
The rat barely misses you. The adder closely misses you.
The rat bites you but does no damage. The endoplasm freezes you.
You are frozen.
* * * LOW HITPOINT WARNING * * *
You hit the bat.
The bat is moderately wounded.
The bat hits you but does no damage. The rat bites you.
* * * LOW HITPOINT WARNING * * *
The adder bites you but does no damage.
The endoplasm hits you but does no damage.
The rat bites you.
You die...

..........
.........
........
.......
#....####+##
[.........#
#rr......#
#b@......# .
#S.J.....# ..
##...##.## ...
#...# .. #...#
.##
#.##...#....
#...?.......
#...........
...........#+##


You could see an adder, an endoplasm, a bat and 2 rats.

Vanquished Creatures
  2 endoplasms (D:1)
  A goblin (D:1)
  2 hobgoblins (D:1)
  A ball python (D:1)
6 creatures vanquished.

Notes
Turn   | Place    | Note
-------+----------+-------------------------------------------
     0 | D:1      | jantan the Gargoyle Hunter began the quest for the Orb.
     0 | D:1      | Reached XP level 1. HP: 12/12 MP: 1/1
   109 | D:1      | Reached XP level 2. HP: 11/17 MP: 2/2
   165 | D:2      | Slain by a rat

Illustrated notes

Levels and vault maps discovered:
D:1:      dpeg_arrival_tiny_d, layout_loops_ring, serial_shops,
          nicolae_shop_trees, ebering_ecumenical_altar_petrified, st_stairs_6
D:2:      layout_basic

Action                   || total
-------------------------++-------
Melee: Short sword       ||    22
Armor: Leather armour    ||    15
Dodge: Dodged            ||    25

Table legend: (Time is in decaauts)
 A = Elapsed time spent in this place.
 B = Non-inter-level travel time spent in this place.
 C = Inter-level travel time spent in this place.
 D = Time resting spent in this place.
 E = Time spent auto-exploring this place.
 F = Levels seen in this place.
 G = Mean time per level.
                   A        B        C        D        E       F      G
               +--------+--------+--------+--------+--------+-----+--------+
         Total |    166 |    166 |      0 |      0 |      0 |   2 |   83.0 |
       Dungeon |    166 |    166 |      0 |      0 |      0 |   2 |   83.0 |
               +--------+--------+--------+--------+--------+-----+--------+

Top non-repeatable levels by time:
     D:1: 158 daAuts
     D:2: 8 daAuts
